 Dungeon Crawl Stone Soup version 0.27.1-15-g792fb953b9 (webtiles) character file.

Game seed: 3786691038593939917

226 ces the Chopper (level 5, 0/70 HPs)
             Began as a Minotaur Chaos Knight on Nov 19, 2021.
             Was a Plaything of Xom.
             Succumbed to a water moccasin's poison
             ... on level 5 of the Dungeon.
             The game lasted 00:04:57 (2182 turns).

ces the Chopper (Minotaur Chaos Knight)             Turns: 2182, Time: 00:04:58

Health: 0/70       AC:  5    Str: 19    XL:     5   Next: 69%
Magic:  4/4        EV: 11    Int:  9    God:    Xom [.....*]
Gold:   162        SH:  0    Dex: 10    Spells: 4/4 levels left

rFire    . . .     SeeInvis .   a - +0 hand axe (chaos)
rCold    . . .     Faith    .   (no shield)
rNeg     . . .     Spirit   .   b - +2 leather armour
rPois    .         Reflect  .   (helmet restricted)
rElec    .         Harm     .   (no cloak)
rCorr    .         Rampage  .   (no gloves)
Will     .....                  (no boots)
Stlth    ..........             (no amulet)
HPRegen  0.21/turn              (no ring)
MPRegen  0.09/turn              (no ring)

@: berserking, lethally poisoned (0 -> -12), very quick
A: horns 2, retaliatory headbutt, beak, strong 1, wild magic 1
a: Renounce Religion


You were on level 5 of the Dungeon.
You worshipped Xom.
You were Xom's teddy bear.
You visited 1 branch of the dungeon, and saw 5 of its levels.

You collected 162 gold pieces.

Inventory:

Hand Weapons
 a - a +0 hand axe of chaos (weapon)
Armour
 b - a +2 leather armour (worn)
Wands
 i - a wand of charming (12)
 l - a wand of paralysis (11)
Scrolls
 c - a scroll of blinking {unknown}
 d - a scroll of identify {unknown}
 e - a scroll of holy word {unknown}
 j - a scroll of enchant armour {unknown}
 m - a scroll of teleportation {unknown}
Potions
 h - a potion of berserk rage
 k - a potion of flight {unknown}


   Skills:
 + Level 4.7 Fighting
 * Level 6.5 Axes
 + Level 3.2 Armour
 + Level 1.6 Dodging
 + Level 0.4 Stealth


You had 4 spell levels left.
You didn't know any spells.
Your spell library contained the following spells:

 Spells                   Type           Power      Damage    Failure   Level
 Sublimation of Blood     Necr           0%         N/A       67%         2
 Wereblood                Tmut           0%         N/A       67%         2
 Summon Hydra             Summ           0%         N/A       100%        7


Dungeon Overview and Level Annotations

Branches:
Dungeon (5/15)             Temple (0/1) D:5

Altars:
Ashenzari
Nemelex Xobeh

Annotations:
D:2 Sigmund
D:5 1 transporter


Innate Abilities, Weirdness & Mutations

You have a pair of horns on your head.
You reflexively headbutt those who attack you in melee.
You have a beak for a mouth.
Your muscles are strong. (Str +2)
Your spells are a little harder to cast, but a little more powerful.


Message History

The water moccasin is moderately wounded.
You feel very sick. The water moccasin bites you. The water moccasin bites you!
You are more poisoned.
The water moccasin poisons you!
It was a potion of berserk rage.
A red film seems to cover your vision as you go berserk!
You feel yourself moving faster!
You feel mighty!
Xom roars with laughter!
* * * LOW HITPOINT WARNING * * *
You feel extremely sick. The water moccasin barely misses you.
You miss the water moccasin.
The water moccasin is moderately wounded.
* * * LOW HITPOINT WARNING * * *
You feel very sick. The water moccasin bites you.
* * * LOW HITPOINT WARNING * * *
You miss the water moccasin.
The water moccasin is moderately wounded.
* * * LOW HITPOINT WARNING * * *
You feel very sick. The water moccasin barely misses you.
You are too berserk!
You slash the water moccasin!
The water moccasin seems to grow stronger.
The water moccasin is almost dead.
* * * LOW HITPOINT WARNING * * *
You feel very sick. The water moccasin closely misses you.
You furiously retaliate!
You headbutt the water moccasin!
You kill the water moccasin!
Your Axes skill increases to level 6!
Your Armour skill increases to level 3!
You have reached level 5!
There is a lethal amount of poison in your body!
* * * LOW HITPOINT WARNING * * *
You feel very sick.
You feel a strong urge to attack something.
You die...
Xom roars with laughter!

#...###......#
#......#....## .####
#.#....#.#...#
.....###........#...#
.....b...b..........##
........b..b.b.......#
......b.b.b...<.....##
......bbbb.b.....#.##
....#§@b####....### .
#.§bb#####.## #..b.b.#
### P..........#
$P.......<...#
$P...#.......#
PP.########### ###


There were no monsters in sight!

Vanquished Creatures
  A water moccasin (D:5)
  6 adders
  2 adder skeletons (D:4)
  2 worms
  2 dart slugs
  2 orcs (D:4)
  A giant cockroach (D:4)
  4 goblins
  4 hobgoblins
  6 jackals
  4 kobolds
  6 quokkas
  4 ball pythons
  A bat (D:3)
  2 rats
47 creatures vanquished.

Notes
Turn   | Place    | Note
-------+----------+-------------------------------------------
     0 | D:1      | ces the Minotaur Chaos Knight began the quest for the Orb.
     0 | D:1      | Reached XP level 1. HP: 19/19 MP: 0/0
   121 | D:1      | You fall into a shaft and drop 1 floor!
   160 | D:2      | Reached skill level 4 in Axes
   160 | D:2      | Reached XP level 2. HP: 27/27 MP: 1/1
   162 | D:2      | Found a faded altar of an unknown god.
   188 | D:2      | XOM: silly message
   382 | D:2      | Noticed Sigmund
   385 | D:2      | XOM: divination: magic mapping
   419 | D:2      | Reached XP level 3. HP: 28/33 MP: 2/2
   759 | D:3      | XOM: 1-stop teleportation journey
   845 | D:3      | Reached skill level 5 in Axes
  1011 | D:3      | Found a broken altar of Ashenzari.
  1479 | D:4      | Found a sparkling altar of Nemelex Xobeh.
  1509 | D:4      | Reached XP level 4. HP: 41/41 MP: 3/3
  1598 | D:4      | XOM: 1-stop teleportation journey
  1907 | D:4      | Noticed a kobold brigand
  1912 | D:4      | XOM: summons friendly ufetubus
  1990 | D:5      | Entered Level 5 of the Dungeon
  1990 | D:5      | Found a staircase to the Ecumenical Temple.
  1995 | D:5      | Gained mutation: You have a beak for a mouth. [potion of
                  | mutation]
  1995 | D:5      | Gained mutation: Your muscles are strong. (Str +2) [potion
                  | of mutation]
  1995 | D:5      | Gained mutation: Your spells are a little harder to cast,
                  | but a little more powerful. [potion of mutation]
  2131 | D:5      | Found a transporter.
  2162 | D:5      | XOM: scenery: summon butterflies
  2168 | D:5      | Noticed a water moccasin
  2168 | D:5      | a jelly changed into a water moccasin
  2173 | D:5      | XOM: smoke on damage
  2180 | D:5      | Killed a water moccasin
  2181 | D:5      | Reached skill level 6 in Axes
  2181 | D:5      | Reached XP level 5. HP: 5/47 MP: 4/4
  2181 | D:5      | HP: 2/70 [poisoned by a water moccasin]
  2182 | D:5      | Succumbed to a water moccasin's poison

Illustrated notes

Levels and vault maps discovered:
D:1:      ncdulo_smallfort, layout_loops_corners, serial_co_window_serial,
          co_window_corner_a, co_window_paths_b, co_window_corner_a,
          co_window_corner_a, co_window_paths_b, co_window_corner_a,
          co_window_corner_ca, co_window_2corner, co_window_corner_ca,
          co_window_corner_cb, co_window_sun, glass_columns_b, glass_columns_c,
          glass_columns_a, glass_columns_b
D:2:      layout_basic, hellmonk_ecumenical_altar_leap_of_faith,
          minmay_misc_feat_hallway, uniq_sigmund
D:3:      layout_basic, evilmike_ruin_ashenzari
D:4:      layout_cave_pools, mainiacjoe_overflow_boulevard,
          kennysheep_generic_room_6
D:5:      gammafunk_cloud_chamber, layout_cave_pools, minmay_temple_entry_mist,
          minmay_gold_behind_fungi

Skill      XL: |  1  2  3  4 |
---------------+-------------+-----
Fighting       | 4 |  4.7
Axes           | 4 5 6 |  6.5
Armour         | 3 |  3.2
Dodging        | |  1.6
Stealth        | |  0.4

Action                   |  1- 3 |  4- 6 || total
-------------------------+-------+-------++-------
Melee: Hand axe          |    74 |    38 ||   112
       Headbutt          |    10 |     5 ||    15
  Use: Potion            |       |     5 ||     5
Armor: Leather armour    |    16 |    13 ||    29
Dodge: Dodged            |    47 |    24 ||    71
